AoeStats
← Huamatw

Arabia

507066072Analyzed
1v1 RM · 16d ago on Sep 16, 2026· 44m 2s· 2 players
Game mode
Random Map
Map size
Tiny (2 player)
Population
200
Speed
Normal
Resources
Standard
Victory
Conquest
Starting age
Dark Age
Ending age
Imperial Age
RankedLock teamsTeams togetherTeam positionsShared explorationLock speedFull tech treeHidden civsTurbo modeCheats
Victory
Defeat
🇹🇼 Byzantines · Taiwan
1000
+15
🇳🇴 Magyars · Norway
984
-15
veilside
8:08 Loom
11:24 Feudal Age
12:19 Horse Collar
18:22 Castle Age
17:13 Fletching
18:15 Scale Barding Armor
20:48 Bodkin Arrow
23:44 Wheelbarrow
22:56 Town Watch
23:47 Double-Bit Axe
27:09 Bow Saw
28:44 Husbandry
30:16 Hand Cart
33:08 Gold Mining
35:01 Murder Holes
36:39 Corvinian Army
41:10 Padded Archer Armor
42:48 Padded Archer Armor
44:01 Thumb Ring
Huamatw
8:38 Loom
11:02 Feudal Age
20:04 Castle Age
18:28 Double-Bit Axe
19:19 Horse Collar
21:09 Fletching
22:54 Wheelbarrow
23:31 Bodkin Arrow
24:21 Elite Skirmisher
25:34 Bow Saw
27:15 Scale Mail Armor
27:55 Squires
27:15 Pikeman
28:32 Pikeman
35:32 Imperial Age
33:37 Hand Cart
33:24 Heavy Plow
34:14 Forging
34:19 Chain Mail Armor
34:44 Stone Mining
39:27 Plate Mail Armor
39:32 Iron Casting
40:55 Conscription
41:14 Halberdier
44:13 Two-Man Saw
43:36 Ballistics
44:17 Chemistry
43:23 Bracer
43:23 Padded Archer Armor
Connection lost

Rejoining the realm…

Still unreachable

The connection could not be restored.

Session expired

The server has moved on; the page needs a fresh start.